[Event "ESP-ch Teams Primera 2022"]
[Site "Sanxenxo Pontevedra"]
[Date "2022.09.23"]
[Round "7.23"]
[White "Segura Santos, Luis"]
[Black "Gomez Carreno, Martin"]
[Result "1/2-1/2"]
[ECO "C55"]
[WhiteElo "2121"]
[BlackElo "2155"]
[Annotator "TA"]
[PlyCount "129"]
[EventDate "2022.09.17"]
[EventType "team-tourn"]
[EventCountry "ESP"]
[SourceTitle "playchess.com"]
[Source "ChessBase"]
[SourceQuality "1"]
[TimeControl "5400+30"]

1. e4 e5 2. Nf3 Nc6 3. d4 exd4 4. Bc4 Nf6 5. e5 d5 6. Bb5 Ne4 7. Nxd4 Bc5 8. Be3 O-O 9. Nxc6 bxc6 10. Bxc5 Nxc5 11. Bxc6 Rb8 {[%emt 0:00:06] C56: Two Knights: 4 d4 exd4 5 0-0 Nxe4.} 12. Qxd5 Qe7 13. O-O $1 Rxb2 14. Nc3 Rd8 15. Qf3 Ne6 {[%emt 0:00:28][%cal Bc5e6,Be6g5,Bg5f3][%mdl 32] Strongly threatening ...Nd4.} 16. Nd5 Qc5 {[%emt 0:19:28] [#]} 17. c3 $146 {[%emt 0:00:28] Inhibits Nd4.} ({Predecessor:} 17. Rad1 Kf8 18. Ne3 Rxd1 19. Nxd1 Rxc2 20. Be4 Rxa2 21. Bxh7 Ba6 22. Bd3 Bxd3 23. Qxd3 Qxe5 {1-0 (46) Matlakov,M (2674)-Ohanyan,E (2393) Chess.com INT 2022}) 17... Kf8 (17... Kh8 $15 18. Ne3 Ng5) 18. Ne3 $1 $11 Ng5 19. Qh5 {[%emt 0:02:57] Rad1 is the strong threat.} h6 20. Bf3 Nxf3+ ({Much less strong is} 20... Qxc3 21. Nd1 Qxe5 22. Nxb2 Qxb2 23. Rfd1 Rxd1+ 24. Rxd1 $16) (20... Qxe5 $2 21. Nc4 Qxc3 22. Nxb2 Qxb2 23. Rad1 Rxd1 24. Rxd1 $18) 21. Qxf3 Bb7 (21... Qxe5 $2 22. Nc4 Qe2 23. Nxb2 Qxb2 24. Qe4 $18) (21... Be6 $11) 22. Qf4 $14 Re8 23. Rab1 (23. Rfd1 $14 Qc6 24. Rd4) 23... Rb6 $11 24. Rfd1 Qxe5 25. Qxe5 Rxe5 26. Rd8+ Re8 (26... Ke7 $5 27. Rbd1 Rd6 28. R8xd6 cxd6 $15) 27. Rxe8+ Kxe8 {[%emt 0:00:02][%mdl 4096] Endgame KRB-KRN} 28. Rb3 Bc8 29. Rxb6 axb6 $15 {[%emt 0:00:12] KB-KN} 30. Kf1 Ke7 31. Ke2 Kd6 32. Kd3 Kc5 33. h4 Be6 34. a3 Kb5 35. Kc2 Kc5 36. f4 h5 37. Nf1 (37. Kd3 $15) 37... Bf5+ $17 38. Kd2 {[%emt 0:00:26] [#]} Kb5 ({Better is} 38... Kd5 $1 $19 39. Ke2 Bd7) 39. Ne3 $15 Be4 {[%emt 0:00:33] Hoping for ...Ka4.} 40. g4 (40. Kc1 $1 $15) 40... hxg4 $19 41. Nxg4 {[%emt 0:00:01] [#]} Ka4 $1 42. h5 Bf3 (42... Kxa3 $19 {has better winning chances. White must now prevent ...c5.} 43. Ke3 Bf5) 43. h6 $17 gxh6 44. Nxh6 Bd5 ({But not} 44... Kxa3 45. Nxf7 Bd5 46. Nh6 $11) 45. Kd3 Kb3 {[%emt 0:01:05] Prevents c4. And now ...Bc4+ would win.} ({Much worse is} 45... Kxa3 46. c4 Be6 47. f5 $11) 46. Kd4 Bc4 {[%emt 0:00:13] Threatens to win with ...c5+.} 47. f5 $1 c5+ 48. Ke5 Kxc3 {[%emt 0:00:01] aiming for ...b5.} 49. Kf6 b5 (49... Ba2 $15 50. Nxf7 Kb2) 50. Nxf7 $11 {[%emt 0:00:16] The position is equal.} b4 51. axb4 cxb4 52. Nd6 $1 b3 53. Nxc4 Kxc4 {[%emt 0:00:02] KP-KP} 54. Kg7 $1 b2 (54... Kd5 $5) 55. f6 b1=Q {[%emt 0:00:09] ( -> ...Qb2)} 56. f7 Qg1+ 57. Kh7 Qh2+ 58. Kg7 Qg3+ 59. Kh7 Qf4 60. Kg7 Qg5+ 61. Kh7 $1 Qf6 62. Kg8 Qg6+ 63. Kh8 Qf6+ 64. Kg8 Qe6 65. Kh8 {Weighted Error Value: White=0.12 (very precise) /Black=0.11 (very precise)} 1/2-1/2

[Event "ESP-ch Teams Primera 2022"]
[Site "Sanxenxo Pontevedra"]
[Date "2022.09.23"]
[Round "7.24"]
[White "Hernandez Estevez, Yudania"]
[Black "Dorado Meijide, Andrea"]
[Result "1-0"]
[ECO "A40"]
[WhiteElo "2199"]
[BlackElo "1801"]
[Annotator "TA"]
[PlyCount "77"]
[EventDate "2022.09.17"]
[EventType "team-tourn"]
[EventCountry "ESP"]
[SourceTitle "playchess.com"]
[Source "ChessBase"]
[SourceQuality "1"]
[TimeControl "5400+30"]

1. d4 e6 2. Nf3 Nf6 3. Bf4 b6 4. e3 Bb7 5. h3 Be7 6. Nbd2 O-O 7. Bd3 d5 8. Ne5 {[%emt 0:13:20] D02: 1 d4 d5 2 Nf3 sidelines, including 2...Nf6 3 g3 and 2...Nf6 3 Bf4.} Nbd7 9. Qf3 c5 10. c3 {[%emt 0:00:22] The position is equal.} c4 {[%emt 0:05:18] [#]} (10... Ne8 $11) 11. Bxc4 $146 ({Predecessor:} 11. Bc2 b5 12. O-O a5 13. Rfe1 b4 14. Nexc4 Rc8 15. Nd6 Bxd6 16. Bxd6 Re8 17. Rac1 bxc3 18. bxc3 Rxc3 19. Bxh7+ Nxh7 20. Rxc3 {1-0 (28) Rayes,A (2203)-Ali,A (1913) Sharjah 2021}) 11... Nxe5 12. Bxe5 Qd7 13. Bd3 b5 14. O-O Rfc8 15. Qe2 Bc6 16. Rfc1 Ne8 17. e4 {[%emt 0:01:33] White is much more active.} ({Resist} 17. Qh5 g6 18. Qg4 Nd6 $16) 17... a5 18. exd5 exd5 19. Re1 Ra7 20. Nf3 ({Don't play} 20. Qh5 g6 21. Qf3 Nd6 $16) 20... Nd6 21. Bxd6 Bxd6 22. Ne5 Bxe5 23. Qxe5 {[%emt 0:00:17] Strongly threatening Bf5.} g6 {[%emt 0:02:11] Inhibits Bf5.} 24. Re3 Re8 25. Qf4 Raa8 26. h4 Rxe3 27. fxe3 Re8 28. h5 Qe7 29. Re1 b4 {[%emt 0:01:24] [#]} (29... Rd8 $16 30. Rf1 b4) 30. c4 $1 $18 b3 (30... Kh8 {keeps fighting.} 31. b3 Kg8 32. cxd5 Bxd5) 31. axb3 Qb4 32. Rf1 f5 (32... Qe7 33. Rf2 Bb7) 33. hxg6 {[%emt 0:01:04] aiming for cxd5.} hxg6 {[%emt 0:00:20] [#]} 34. Bxf5 $1 gxf5 (34... Qe7 35. Rf3) 35. Qg5+ {[%emt 0:01:40] White mates.} Kf7 36. Rxf5+ Ke6 37. cxd5+ Bxd5 38. Re5+ ({Don't blunder} 38. Rxd5 $2 Qe1+ 39. Kh2 Rh8+ 40. Qh5 Rxh5+ 41. Rxh5 Qf2 42. Re5+ Kd6 $19) 38... Kf7 39. Qf4+ {[%emt 0:01:47] Weighted Error Value: White=0.09 (flawless) /Black=0.37} 1-0